 Dungeon Crawl Stone Soup version 0.28-a0-533-g9f97627e2a (webtiles) character file.

Game seed: 12767780452239058594

87 Malachi the Skirmisher (level 4, 0/37 HPs)
             Began as a Demonspawn Berserker on Sept 25, 2021.
             Was a Believer of Trog.
             Succumbed to Robin's poison
             ... on level 2 of the Dungeon.
             The game lasted 00:01:22 (1187 turns).

Malachi the Skirmisher (Demonspawn Berserker)       Turns: 1187, Time: 00:01:22

Health: 0/37       AC:  2    Str: 18    XL:     4   Next: 28%
Magic:  4/4        EV: 16    Int:  9    God:    Trog [**....]
Gold:   78         SH:  0    Dex: 12    Spells: 3/3 levels left

rFire   + . .      SeeInvis .   a - +0 falchion
rCold   + . .      Faith    .   (no shield)
rNeg    . . .      Spirit   .   b - +0 animal skin
rPois   +          Reflect  .   (no helmet)
rElec   +          Harm     .   (no cloak)
rCorr   +          Rampage  .   (no gloves)
Will    .....                   (no boots)
Stlth   +.........              (no amulet)
HPRegen 0.12/turn               d - +4 ring of evasion
MPRegen 0.09/turn               (no ring)

@: lethally poisoned (0 -> -10), resistant, on berserk cooldown, slowed, very
slow
A: claws 1, spiny 1
a: Renounce Religion, Berserk, Trog's Hand


You were on level 2 of the Dungeon.
You worshipped Trog.
Trog was pleased with you.
You visited 1 branch of the dungeon, and saw 2 of its levels.

You collected 78 gold pieces.

Inventory:

Hand Weapons
 a - a +0 falchion (weapon)
Armour
 b - a +0 animal skin (worn)
Jewellery
 d - a +4 ring of evasion (left claw)
Scrolls
 c - a scroll of acquirement {unknown}
 e - a scroll of immolation {unknown}
 f - a scroll of enchant armour {unknown}
 g - 2 scrolls of teleportation {unknown}


   Skills:
 + Level 3.8 Fighting
 + Level 3.8 Long Blades
 + Level 2.0 Armour
 + Level 2.1 Dodging
 + Level 0.1 Stealth


You had 3 spell levels left.
You didn't know any spells.
Your spell library was empty.

Dungeon Overview and Level Annotations

Branches:
Dungeon (2/15)

Altars:


Innate Abilities, Weirdness & Mutations

You have sharp fingernails.
You are partially covered in sharp spines.


Message History

Items here: )))) ††.
Unknown command.
You slash the hobgoblin!
You kill the hobgoblin!
Trog accepts your kill.
Robin hits you from afar with a +0 spear of venom.
You are poisoned.
The hobgoblin barely misses you.
Unknown command.
You slash the hobgoblin!
You kill the hobgoblin!
Trog accepts your kill.
You feel sick. Robin hits you but does no damage.
Unknown command.
You feel sick.
You see here a hobgoblin corpse.
Unknown command.
You slash Robin!
Robin is severely wounded.
You are no longer berserk.
You are exhausted.
You feel yourself slow down.
You feel sick.
Robin hits you with a +0 spear of venom.
You are more poisoned.
You hit Robin.
Robin is almost dead.
You feel very sick.
Robin hits you with a +0 spear of venom.
You are lethally poisoned!
Robin closely misses you.
You hit Robin.
You kill Robin!
Trog accepts your kill.
* * * LOW HITPOINT WARNING * * *
You feel extremely sick.
It was a potion of resistance.
You feel protected.
* * * LOW HITPOINT WARNING * * *
You feel very sick.
You die...

# ## ### ### #.... ..##..
##+# #.#.# #..... ##...#
#.#.## #..#.# #.....#
#.#..# #..#.# .......##
##....# #..#.#
........####...#####.....
......)†@.)...[.......>..
........####...#####.#...
.......## ##........#...
#.....# ##.#######...
##?..# #.# #... ##+# #.#
#... #.# #### #.# #.#


There were no monsters in sight!

Vanquished Creatures
  Jessica (D:2)
  Robin (D:2)
  An adder (D:2)
  5 ball pythons (D:1)
  4 bats
  3 endoplasms
  A giant cockroach (D:1)
  11 goblins
  3 hobgoblins (D:2)
  2 jackals (D:1)
  A kobold (D:1)
  A quokka (D:1)
  A frilled lizard (D:1)
  A rat (D:1)
36 creatures vanquished.

Notes
Turn   | Place    | Note
-------+----------+-------------------------------------------
     0 | D:1      | Malachi the Demonspawn Berserker began the quest for the
                  | Orb.
     0 | D:1      | Reached XP level 1. HP: 18/18 MP: 1/1
   151 | D:1      | Gained mutation: You are partially covered in sharp spines.
                  | [demonic ancestry]
   151 | D:1      | Reached XP level 2. HP: 24/24 MP: 2/2
   979 | D:2      | Noticed Jessica
   985 | D:2      | Killed Jessica
   986 | D:2      | Gained mutation: You have sharp fingernails. [demonic
                  | ancestry]
   986 | D:2      | Reached XP level 3. HP: 24/29 MP: 3/3
  1164 | D:2      | Noticed Robin
  1168 | D:2      | Reached ** piety under Trog
  1174 | D:2      | Reached XP level 4. HP: 37/37 MP: 4/4
  1185 | D:2      | Killed Robin
  1187 | D:2      | Succumbed to Robin's poison

Illustrated notes

Levels and vault maps discovered:
D:1:      giann_bridges, layout_loops_ring, chequers_arboretum
D:2:      layout_loops_corners, basic_altar, kennysheep_generic_room_4,
          uniq_jessica, uniq_robin, uniq_sigmund

Skill      XL: |  1  2  3  4 |
---------------+-------------+-----
Long Blades    | 3 |  3.8
Dodging        | 2 |  2.1
Armour         | 2 |  2.0
Fighting       | |  3.8
Stealth        | |  0.1

Action                   |  1- 3 |  4- 6 || total
-------------------------+-------+-------++-------
Melee: Falchion          |    48 |    10 ||    58
Invok: Berserk           |     1 |       ||     1
  Use: Potion            |       |     1 ||     1
 Stab: Sleeping          |     1 |       ||     1
Armor: Animal skin       |     5 |     1 ||     6
Dodge: Dodged            |    28 |     6 ||    34

Table legend: (Time is in decaauts)
 A = Elapsed time spent in this place.
 B = Non-inter-level travel time spent in this place.
 C = Inter-level travel time spent in this place.
 D = Time resting spent in this place.
 E = Time spent auto-exploring this place.
 F = Levels seen in this place.
 G = Mean time per level.
                   A        B        C        D        E       F      G
               +--------+--------+--------+--------+--------+-----+--------+
         Total |   1192 |   1152 |     40 |      0 |    990 |   2 |  596.0 |
       Dungeon |   1192 |   1152 |     40 |      0 |    990 |   2 |  596.0 |
               +--------+--------+--------+--------+--------+-----+--------+

Top non-repeatable levels by time:
     D:1: 827 daAuts
     D:2: 365 daAuts
